 Dungeon Crawl Stone Soup version 0.29-a0-542-g075992c915 (webtiles) character file.

Game seed: 15129245940640942593

5229 YayAnonymity the Blocker (level 10, -1/82 HPs)
             Began as a Gnoll Fighter on June 4, 2022.
             Was an Initiate of Okawaru.
             Slain by Grum
             ... wielding a -1 glaive
              (15 damage)
             ... on level 9 of the Dungeon.
             The game lasted 00:13:41 (6737 turns).

YayAnonymity the Blocker (Gnoll Fighter)            Turns: 6737, Time: 00:13:42

Health: -1/82      AC: 24    Str: 18    XL:     10   Next: 61%
Magic:  18/18      EV:  7    Int:  9    God:    Okawaru [......]
Gold:   1126       SH:  0    Dex: 12    Spells: 19/19 levels left

rFire   . . .      SeeInvis .   n - +9 quarterstaff of Urum {venom, rElec rN+}
rCold   . . .      Faith    .   (shield currently unavailable)
rNeg    + . .      Spirit   .   q - +0 plate armour
rPois   +          Reflect  .   r - +1 helmet
rElec   +          Harm     .   A - +1 cloak
rCorr   .          Rampage  .   C - +0 pair of gloves
Will    .....                   (no boots)
Stlth   ..........              w - amulet of regeneration
HPRegen 1.03/turn               e - ring of poison resistance
MPRegen 0.16/turn               b - +4 ring of protection

@: mighty
A: fangs 1, strong nose, distributed training
a: Renounce Religion


You were on level 9 of the Dungeon.
You worshipped Okawaru.
Okawaru was noncommittal.
You visited 2 branches of the dungeon, and saw 10 of its levels.
You also visited: Sewer.

You collected 1126 gold pieces.

Inventory:

Hand Weapons
 n - the +9 quarterstaff of Urum (weapon) {venom, rElec rN+}
   (You found it on level 2 of the Dungeon)

   It poisons the flesh of those it strikes.
   rElec:     It insulates you from electricity.
   rN:        It protects you from negative energy.
 L - a +4 morningstar of freezing
Missiles
 B - 21 poisoned darts (quivered)
 F - a throwing net
 J - a boomerang
Armour
 i - a +2 buckler
 q - a +0 plate armour (worn)
 r - a +1 helmet (worn)
 A - a +1 cloak (worn)
 C - a +0 pair of gloves (worn)
 E - a +2 leather armour of fire resistance
Jewellery
 b - a +4 ring of protection (right hand)
 e - a ring of poison resistance (left hand)
 w - an amulet of regeneration (around neck)
 y - a ring of protection from cold
 H - a ring of magical power
Wands
 c - a wand of flame (26)
 t - a wand of iceblast (11)
Scrolls
 p - 2 scrolls of enchant weapon
 s - a scroll of summoning
 x - 3 scrolls of poison
 z - 3 scrolls of teleportation
 G - 2 scrolls of enchant armour
 I - a scroll of identify
Potions
 d - a potion of might
 f - a potion of invisibility
 g - a potion of ambrosia
 h - 9 potions of curing
 j - 2 potions of attraction
 k - 5 potions of heal wounds
 l - 6 potions of flight
 m - a potion of brilliance
 o - a potion of berserk rage {unknown}
 u - 3 potions of magic
 v - a potion of cancellation {unknown}
 D - a potion of lignification {unknown}
 K - a potion of haste {unknown}


   Skills:
 + Level 8.6 Fighting
 + Level 5.4 Short Blades
 + Level 5.4 Long Blades
 + Level 5.4 Axes
 + Level 5.4 Maces & Flails
 + Level 7.2 Polearms
 + Level 5.4 Staves
 + Level 5.4 Slings
 + Level 5.4 Bows
 + Level 5.4 Crossbows
 + Level 5.4 Throwing
 + Level 8.6 Armour
 + Level 5.4 Dodging
 + Level 5.4 Stealth
 + Level 8.6 Shields
 + Level 5.4 Unarmed Combat
 + Level 5.4 Spellcasting
 + Level 4.5 Conjurations
 + Level 4.5 Hexes
 + Level 4.5 Summonings
 + Level 4.5 Necromancy
 + Level 4.5 Translocations
 + Level 4.5 Transmutations
 + Level 4.5 Fire Magic
 + Level 4.5 Ice Magic
 + Level 4.5 Air Magic
 + Level 4.5 Earth Magic
 + Level 4.5 Poison Magic
 + Level 6.0 Invocations
 + Level 5.4 Evocations


You had 19 spell levels left.
You didn't know any spells.
Your spell library contained the following spells:

 Spells                   Type           Power      Damage    Failure   Level
 Magic Dart               Conj           40%        1d5       67%         1
 Shock                    Conj/Air       40%        1d5       67%         1
 Slow                     Hex            40%        N/A       67%         1
 Poisonous Vapours        Pois/Air       20%        N/A       80%         2
 Searing Ray              Conj           20%        2d5       80%         2
 Static Discharge         Conj/Air       10%        N/A       80%         2
 Confusing Touch          Hex            10%        N/A       95%         3
 Mephitic Cloud           Conj/Pois/Air  10%        N/A       95%         3
 Swiftness                Air            10%        N/A       95%         3
 Vampiric Draining        Necr           10%        2d6       95%         3
 Airstrike                Air            5%         N/A       100%        4
 Corpse Rot               Necr/Pois/Air  10%        N/A       100%        4
 Dispel Undead            Necr           10%        3d9       100%        4
 Fulminant Prism          Conj/Hex       5%         3d7       100%        4
 Passage of Golubria      Tloc           10%        N/A       100%        4
 Sticky Flame             Conj/Fire      10%        2d3       100%        4
 Yara's Violent Unravell  Hex/Tmut       5%         3d4       100%        5
 Enfeeble                 Hex            5%         N/A       100%        7
 Summon Small Mammal      Summ           Unusable   N/A       N/A         1
 Call Imp                 Summ           Unusable   N/A       N/A         2
 Call Canine Familiar     Summ           Unusable   N/A       N/A         3
 Summon Guardian Golem    Hex/Summ       Unusable   N/A       N/A         3
 Tukima's Dance           Hex            Unusable   N/A       N/A         3

Dungeon Overview and Level Annotations

Branches:
Dungeon (9/15)             Temple (1/1) D:7           Sewer (visited)
   Lair: D:8-11         Orc: D:9-12

Altars:
Ashenzari
Cheibriados
Dithmenos
Elyvilon
Fedhas
Gozag
Hepliaklqana
Kikubaaqudgha
Makhleb
Nemelex Xobeh
Okawaru
Qazlal
Ru
Sif Muna
Trog
Uskayaw
Vehumet
Wu Jian
Xom
Zin
The Shining One

Annotations:
D:5 3 runed translucent doors, DocClef's ghost, weakling GnDe
D:9 Grum


Innate Abilities, Weirdness & Mutations

You have very sharp teeth.
Your uncanny sense of smell can sniff out nearby items.
Your experience applies equally to all skills.


Message History

The wolf bites you but does no damage. The wolf barely misses you.
Grum hits you from afar with a -1 glaive.
* * * LOW HITPOINT WARNING * * *
The wolf bites you but does no damage. x2
Your life force feels restored.
Your Invocations skill increases to level 6!
Okay, then.
You feel very mighty all of a sudden.
The wolf bites you but does no damage. x3; The wolf closely misses you.
The wolf barely misses you. The wolf bites you but does no damage.
Grum hits you from afar with a -1 glaive!
* * * LOW HITPOINT WARNING * * *
You feel much better. The wolf bites you but does no damage.
The wolf barely misses you. The wolf bites you but does no damage.
The wolf closely misses you. x2; The wolf bites you.
Grum closely misses you.
The wolf bites you but does no damage. x2
Unknown command.
Unknown command.
Unknown command.
You barely miss the wolf.
The wolf bites you but does no damage. x3
The wolf bites you. Grum hits you but does no damage.
The wolf bites you but does no damage. x3
You bludgeon the wolf!!
The wolf looks as sick as possible!
The wolf is almost dead.
You are no longer corroded.
The wolf bites you but does no damage. x2; The wolf barely misses you.
The wolf bites you!
* * * LOW HITPOINT WARNING * * *
The wolf bites you but does no damage.
Grum hits you from afar with a -1 glaive!
* * * LOW HITPOINT WARNING * * *
The wolf bites you but does no damage. x2
The wolf attacks as you move away! The wolf barely misses you.
The wolf attacks as you move away! The wolf bites you but does no damage.
You kill the wolf!
Okawaru accepts your kill. The wolf bites you but does no damage.
The wolf bites you but does no damage.
Grum hits you from afar with a -1 glaive!
You die...

...................'......#......
++#####+##.........#......#......
#.##'##...#......#...... ∆
#.#...#...#......#......
#.#...#...#......#......
#.#...#...####...#....##
#.#...#......#...#....
#.#...'......#####....
#.#...#@h..........
#...#hDg......... #..
#h........... ## #............
...####'#####. .....# ...
.......# ...! .......# h....
......## ...


You could see Grum, an acid dragon and 3 wolves.

Vanquished Creatures
  Maggie (D:7)
  A troll (D:9)
  Grinder (D:3)
  A vampire (D:9)
  A steam dragon (D:9)
  A water moccasin (D:8)
  2 orc warriors
  3 sky beasts
  2 ice beasts
  3 ogres
  A wolf (D:9)
  A centaur (D:7)
  A phantom (D:6)
  2 kobold brigands
  3 necrophages
  2 gnoll sergeants
  A bullfrog (D:8)
  A wyvern zombie (D:6)
  2 scorpions
  A water moccasin zombie (D:6)
  A wyvern skeleton (D:6)
  3 wights (D:9)
  17 killer bees
  A howler monkey (D:4)
  2 centaur zombies (D:6)
  6 orc priests
  4 bullfrog zombies (D:6)
  A gnoll shaman (D:6)
  2 hounds
  3 jellies
  2 bullfrog skeletons (D:6)
  6 iguanas
  6 orc wizards
  A hell rat (Sewer)
  A howler monkey zombie (D:6)
  11 gnolls
  6 adders
  A howler monkey skeleton (D:6)
  A river rat (Sewer)
  3 shadow imps (D:6)
  2 white imps
  3 ufetubi
  4 worms
  A dart slug (D:3)
  38 orcs
  6 bats
  4 endoplasms
  5 giant cockroaches
  11 goblins
  6 hobgoblins
  7 jackals
  3 quokkas
  5 ball pythons
  3 frilled lizards
  15 kobolds
  6 rats
228 creatures vanquished.

Vanquished Creatures (others)
  A wight (D:9)
  12 plants (D:2)
13 creatures vanquished.

Grand Total: 241 creatures vanquished

Notes
Turn   | Place    | Note
-------+----------+-------------------------------------------
     0 | D:1      | YayAnonymity the Gnoll Fighter began the quest for the Orb.
     0 | D:1      | Reached XP level 1. HP: 23/23 MP: 1/1
   171 | D:1      | Reached XP level 2. HP: 29/29 MP: 2/2
   723 | D:2      | Reached XP level 3. HP: 35/35 MP: 3/3
   859 | D:2      | Identified the +9 quarterstaff of Urum {venom, rElec rN+}
   921 | D:2      | Reached skill level 1 in Invocations
   925 | D:2      | Reached skill level 1 in Short Blades
   925 | D:2      | Reached skill level 1 in Long Blades
   925 | D:2      | Reached skill level 1 in Axes
   925 | D:2      | Reached skill level 1 in Maces & Flails
   925 | D:2      | Reached skill level 1 in Staves
   925 | D:2      | Reached skill level 1 in Slings
   925 | D:2      | Reached skill level 1 in Bows
   925 | D:2      | Reached skill level 1 in Crossbows
   925 | D:2      | Reached skill level 1 in Throwing
   925 | D:2      | Reached skill level 1 in Dodging
   925 | D:2      | Reached skill level 1 in Stealth
   925 | D:2      | Reached skill level 1 in Unarmed Combat
   925 | D:2      | Reached skill level 1 in Spellcasting
   925 | D:2      | Reached skill level 1 in Evocations
   934 | D:2      | Reached XP level 4. HP: 15/41 MP: 5/5
  1210 | D:2      | Found a faded altar of an unknown god.
  1569 | D:2      | Reached skill level 1 in Conjurations
  1569 | D:2      | Reached skill level 1 in Hexes
  1569 | D:2      | Reached skill level 1 in Summonings
  1569 | D:2      | Reached skill level 1 in Necromancy
  1569 | D:2      | Reached skill level 1 in Translocations
  1569 | D:2      | Reached skill level 1 in Transmutations
  1569 | D:2      | Reached skill level 1 in Fire Magic
  1569 | D:2      | Reached skill level 1 in Ice Magic
  1569 | D:2      | Reached skill level 1 in Air Magic
  1569 | D:2      | Reached skill level 1 in Earth Magic
  1569 | D:2      | Reached skill level 1 in Poison Magic
  1784 | D:3      | Reached XP level 5. HP: 47/47 MP: 6/6
  1799 | D:3      | Noticed Grinder
  1808 | D:3      | Paralysed by Grinder for 5 turns
  1816 | D:3      | Killed Grinder
  1817 | D:3      | Reached skill level 5 in Polearms
  1817 | D:3      | Reached XP level 6. HP: 35/53 MP: 7/9
  2025 | D:3      | Found a glowing drain.
  2037 | Sewer    | Entered a sewer
  2123 | D:3      | Identified a scroll of acquirement
  2123 | D:3      | Acquired 570 gold pieces
  2225 | D:3      | Reached XP level 7. HP: 59/59 MP: 10/10
  3005 | D:5      | Entered Level 5 of the Dungeon
  3040 | D:5      | Reached XP level 8. HP: 61/67 MP: 12/12
  3169 | D:5      | Found a runed translucent gate.
  3170 | D:5      | Found a runed translucent gate.
  3173 | D:5      | Noticed DocClef's ghost (weakling GnDe)
  3174 | D:5      | Found a runed translucent gate.
  3177 | D:5      | Noticed a troll
  3269 | D:5      | Found a shimmering altar of Xom.
  3277 | D:5      | Found a burning altar of Makhleb.
  3511 | D:5      | Found an ancient bone altar of Kikubaaqudgha.
  3902 | D:6      | Reached XP level 9. HP: 72/72 MP: 14/14
  4794 | D:7      | Noticed Maggie
  4806 | D:7      | Killed Maggie
  4885 | D:7      | Reached skill level 5 in Invocations
  5151 | D:7      | Found a staircase to the Ecumenical Temple.
  5161 | Temple   | Entered the Ecumenical Temple
  5230 | Temple   | Became a worshipper of the Shining One
  5364 | D:8      | Reached XP level 10. HP: 75/80 MP: 17/17
  5590 | D:8      | Found a shadowy altar of Dithmenos.
  5595 | D:8      | Reached skill level 5 in Short Blades
  5595 | D:8      | Reached skill level 5 in Long Blades
  5595 | D:8      | Reached skill level 5 in Axes
  5595 | D:8      | Reached skill level 5 in Maces & Flails
  5595 | D:8      | Reached skill level 5 in Staves
  5595 | D:8      | Reached skill level 5 in Slings
  5595 | D:8      | Reached skill level 5 in Bows
  5595 | D:8      | Reached skill level 5 in Crossbows
  5595 | D:8      | Reached skill level 5 in Throwing
  5595 | D:8      | Reached skill level 5 in Dodging
  5595 | D:8      | Reached skill level 5 in Stealth
  5595 | D:8      | Reached skill level 5 in Unarmed Combat
  5595 | D:8      | Reached skill level 5 in Spellcasting
  5595 | D:8      | Reached skill level 5 in Evocations
  5649 | D:8      | Found a white marble altar of Elyvilon.
  5649 | D:8      | Found a shimmering blue altar of Sif Muna.
  5649 | D:8      | Found a sparkling altar of Nemelex Xobeh.
  5649 | D:8      | Found an iron altar of Okawaru.
  5649 | D:8      | Found a radiant altar of Vehumet.
  5658 | D:8      | Fell from the grace of the Shining One
  5658 | D:8      | Became a worshipper of Warmaster Okawaru
  6720 | D:9      | Noticed Grum
  6737 | D:9      | Slain by Grum

Illustrated notes

Levels and vault maps discovered:
D:1:      dreamdust_arrival_sigmund_warning, layout_loops_ring,
          minmay_misc_feat_square, minivault_4, minmay_unequal
D:2:      layout_basic, hellmonk_ecumenical_altar_pennies_from_heaven,
          minivault_5, nicolae_grassy_gnolls
D:3:      layout_rooms, portal_sewer_entry_d, uniq_grinder
D:4:      layout_rooms
D:5:      layout_basic, mainiacjoe_overflow_brackets, overflow_temple_1_default,
          kennysheep_little_box, gammafunk_ghost_split
D:6:      minmay_spotlight, layout_rooms, serial_undead, serial_undead_f,
          serial_undead_b, serial_undead_d, serial_undead_a
D:7:      layout_basic, minmay_temple_entry_purple_smoke, minivault_23,
          eino_jars, uniq_maggie
D:8:      layout_basic, grunt_temple_overflow_open
D:9:      layout_irregular_city, nicolae_yredelemnul_corpse_copse,
          nicolae_zen_rock_garden, uniq_gastronok, uniq_grum
Temple:   nicolae_temple_x_marks_the_god

Skill      XL: |  1  2  3  4  5  6  7  8  9 10 |
---------------+-------------------------------+-----
Invocations    | 1 2 3 4 5 6 |  6.0
Short Blades   | 1 2 3 4 5 |  5.4
Long Blades    | 1 2 3 4 5 |  5.4
Axes           | 1 2 3 4 5 |  5.4
Maces & Flails | 1 2 3 4 5 |  5.4
Staves         | 1 2 3 4 5 |  5.4
Slings         | 1 2 3 4 5 |  5.4
Bows           | 1 2 3 4 5 |  5.4
Crossbows      | 1 2 3 4 5 |  5.4
Throwing       | 1 2 3 4 5 |  5.4
Dodging        | 1 2 3 4 5 |  5.4
Stealth        | 1 2 3 4 5 |  5.4
Unarmed Combat | 1 2 3 4 5 |  5.4
Spellcasting   | 1 2 3 4 5 |  5.4
Evocations     | 1 2 3 4 5 |  5.4
Conjurations   | 1 2 3 4 |  4.5
Hexes          | 1 2 3 4 |  4.5
Summonings     | 1 2 3 4 |  4.5
Necromancy     | 1 2 3 4 |  4.5
Translocations | 1 2 3 4 |  4.5
Transmutations | 1 2 3 4 |  4.5
Fire Magic     | 1 2 3 4 |  4.5
Ice Magic      | 1 2 3 4 |  4.5
Air Magic      | 1 2 3 4 |  4.5
Earth Magic    | 1 2 3 4 |  4.5
Poison Magic   | 1 2 3 4 |  4.5
Polearms       | 5 6 7 |  7.2
Fighting       | 7 8 |  8.6
Armour         | 7 8 |  8.6
Shields        | 7 8 |  8.6

Action                   |  1- 3 |  4- 6 |  7- 9 | 10-12 || total
-------------------------+-------+-------+-------+-------++-------
Melee: Trident           |    54 |       |       |       ||    54
       Bite              |     6 |     6 |    31 |    16 ||    59
       Quarterstaff      |    13 |    71 |   270 |   160 ||   514
  Use: Scroll            |       |    11 |     8 |       ||    19
       Potion            |       |       |       |     2 ||     2
Armor: Scale mail        |    26 |    11 |       |       ||    37
       Plate armour      |       |    51 |   261 |   178 ||   490
Dodge: Dodged            |    29 |    20 |   144 |    68 ||   261
Block: Buckler           |     9 |       |       |       ||     9

Table legend: (Time is in decaauts)
 A = Elapsed time spent in this place.
 B = Non-inter-level travel time spent in this place.
 C = Inter-level travel time spent in this place.
 D = Time resting spent in this place.
 E = Time spent auto-exploring this place.
 F = Levels seen in this place.
 G = Mean time per level.
                   A        B        C        D        E       F      G
               +--------+--------+--------+--------+--------+-----+--------+
         Total |   6822 |   6481 |    341 |    326 |   4189 |  11 |  620.2 |
       Dungeon |   6649 |   6314 |    335 |    326 |   4074 |   9 |  738.8 |
        Temple |     76 |     70 |      6 |      0 |     51 |   1 |   76.0 |
         Sewer |     95 |     95 |      0 |      0 |     64 |   1 |   95.0 |
               +--------+--------+--------+--------+--------+-----+--------+

Top non-repeatable levels by time:
     D:8: 928 daAuts
     D:1: 871 daAuts
     D:6: 839 daAuts
     D:7: 806 daAuts
     D:2: 750 daAuts
     D:4: 716 daAuts
     D:5: 644 daAuts
     D:3: 633 daAuts
     D:9: 458 daAuts
   Sewer: 95 daAuts
  Temple: 76 daAuts
